AoeStats
← 魏武之风

Nomad

506071706Analyzed
2v2 RM · 21d ago on Sep 12, 2026· 38m 18s· 4 players
Game mode
Random Map
Map size
176×176
Population
200
Speed
Normal
Resources
Standard
Victory
Conquest
Starting age
Dark Age
Ending age
Imperial Age
RankedLock teamsTeams togetherTeam positionsShared explorationLock speedFull tech treeHidden civsTurbo modeCheats
Victory
Defeat
🇨🇳 Japanese · China
946
+17
🇨🇳 Huns · China
942
+17
🇩🇪 Vikings · Germany
987
-17
🇦🇺 Celts · Australia
954
-17
mallen
19:17 Feudal Age
20:36 Fishing Lines
25:45 Castle Age
30:44 Wheelbarrow
32:03 Fletching
35:00 Elite Skirmisher
Strafexpedition
5:33 Loom
14:08 Feudal Age
16:28 Man-at-Arms
17:30 Double-Bit Axe
23:26 Castle Age
21:43 Horse Collar
26:35 Fletching
32:01 Heavy Plow
38:11 Imperial Age
36:35 Gold Mining
魏武之风
3:12 Loom
15:04 Feudal Age
15:34 Double-Bit Axe
15:33 Horse Collar
21:36 Castle Age
21:26 Stone Mining
24:22 Bow Saw
24:24 Heavy Plow
28:20 Gold Mining
31:38 Wheelbarrow
30:48 Town Watch
31:43 Ballistics
32:24 Scale Barding Armor
32:31 Forging
32:57 Husbandry
34:39 Bloodlines
34:50 Light Cavalry
36:32 Iron Casting
36:17 Hand Cart
40:39 Imperial Age
怪味胡豆妹儿
11:59 Loom
15:06 Feudal Age
15:55 Town Watch
18:48 Fletching
19:44 Wheelbarrow
19:52 Padded Archer Armor
21:20 Horse Collar
21:34 Double-Bit Axe
29:02 Castle Age
29:02 Man-at-Arms
29:44 Squires
29:30 Gambesons
29:47 Scale Mail Armor
29:57 Forging
33:14 Bodkin Arrow
33:34 Leather Archer Armor
34:27 Husbandry
36:03 Long Swordsman
Connection lost

Rejoining the realm…

Still unreachable

The connection could not be restored.

Session expired

The server has moved on; the page needs a fresh start.